 Dungeon Crawl Stone Soup version bcrawl-1.40.3b (webtiles) character file.

Game seed: 16195769376959859020

525952 Mehrunes the Unseen (level 15, 0/115 HPs)
             Began as a Vampire Enchanter on Nov 21, 2023.
             Was the Champion of Ashenzari.
             Shot with a stone by a human (6 damage)
             ... on level 11 of the Dungeon.
             The game lasted 01:21:04 (19597 turns).

Mehrunes the Unseen (Vampire Enchanter)            Turns: 19597, Time: 01:21:04

Health: 0/115      AC:  6    Str: 16    XL:     15   Next: 2%
Magic:  17/36      EV: 27    Int: 15    God:    Ashenzari [******]
Gold:   897        SH:  8    Dex: 20    Spells: 6/30 levels left

rFire    . . .     GDR:     31% b - +1 dagger (elec)
rCold    + . .     SeeInvis +   p - +0 buckler "Hupsurgh" {rPois Dex+4 Stlth+} (curse)
rNeg     + + .     Gourm    .   r - +2 robe {RegenMP} (curse)
rPois    ∞         Faith    .   (no helmet)
rElec    .         Spirit   .   w - +0 cloak {rPois} (curse)
rCorr    .         Reflect  .   u - +0 pair of gloves (curse)
MR       +....     Clarity  +   (no boots)
Stlth    ++++......             n - amulet of magic regeneration (curse)
HPRegen  0.14/turn              G - ring of magical power (curse)
MPRegen  0.82/turn              C - +4 ring of evasion (curse)

@: about to teleport, contaminated, regenerating slowly, glowing
A: claws 1, fangs 3, see invisible, unbreathing
a: Curse Item, Scrying, Transfer Knowledge, Renounce Religion


You were on level 11 of the Dungeon.
You worshipped Ashenzari.
Ashenzari was exalted by your worship.
You were near bloodless.

You visited 4 branches of the dungeon, and saw 19 of its levels.

You collected 1587 gold pieces.
You spent 690 gold pieces at shops.

Inventory:

Hand Weapons
 a - a +0 long sword
 b - a +1 dagger of electrocution (weapon)
Missiles
 e - 3 throwing nets {=f}
Armour
 p - the cursed +0 buckler "Hupsurgh" (worn) {rPois Dex+4 Stlth+}
   (You found it on level 6 of the Dungeon)

   It affects your dexterity (+4).
   It protects you from poison.
   It makes you more stealthy.
   It has a curse placed upon it.
 r - a cursed +2 robe of magic recovery (worn)
 u - a cursed +0 pair of gloves (worn)
 w - a cursed +0 cloak of poison resistance (worn)
 A - a +2 scale mail of poison resistance
 Z - a +1 helmet of see invisible
Jewellery
 n - a cursed amulet of magic regeneration (around neck)
 v - an uncursed ring of positive energy
 C - a cursed +4 ring of evasion (right hand)
 E - an uncursed amulet of faith
 G - a cursed ring of magical power (left hand)
 H - the cursed amulet of Vision {SInv *Curse}
   (You found it in the Ecumenical Temple)

   [amulet of nothing]

   It lets you see invisible.
   It curses itself when equipped.
   It has a curse placed upon it.
 J - an uncursed ring of protection from cold
Wands
 i - a wand of paralysis (5)
 s - a wand of flame (102)
 t - a wand of disintegration (23)
 y - a wand of polymorph (38)
 I - a wand of digging (6)
 P - a wand of charming (10)
 Q - a wand of iceblast (13)
 U - a wand of random effects (12)
Scrolls
 c - 11 scrolls of teleportation
 d - 2 scrolls of fog
 f - 5 scrolls of remove curse
 h - 3 scrolls of amnesia
 j - 2 scrolls of revelation
 m - 4 scrolls of enchant weapon
 o - 3 scrolls of immolation
 L - 2 scrolls of enchant armour
 M - 2 scrolls of brand weapon
 O - a scroll of vulnerability
 X - a scroll of blinking
 Y - 2 scrolls of fear
Potions
 g - 13 potions of curing
 k - a potion of ambrosia
 l - 5 potions of heal wounds
 q - 36 potions of blood
 x - 3 potions of haste
 z - 2 potions of cancellation
 B - a potion of flight {unknown}
 D - a potion of resistance {unknown}
 F - 2 potions of lignification
 K - 3 potions of might
 R - a potion of degeneration {unknown}
 S - a potion of agility
 T - a potion of brilliance {unknown}
 V - 2 potions of mutation {unknown}
 W - a potion of invisibility
Miscellaneous
 N - a lightning rod (4/4)


   Skills:
 + Level 10.2(14.5) Fighting
 - Level 1.6(9.7) Short Blades
 - Level 13.0(16.8) Long Blades
 + Level 8.2(12.4) Dodging
 + Level 15.5(18.7) Stealth
 - Level 5.5(10.2) Shields
 - Level 8.4(12.9) Spellcasting
 * Level 5.4(10.2) Conjurations
 - Level 14.3(17.7) Hexes
 - Level 6.2(10.7) Ice Magic
 + Level 5.1(9.5) Earth Magic


You had 6 spell levels left.
You knew the following spells:

 Your Spells              Type           Power        Failure   Level  Hunger
a - Mana Rupture          Conj/Hex       ######....   30%         7    #####..
b - Ensorcelled Hibernat  Hex/Ice        ######       1%          2    None
c - Confuse               Hex            ######..     1%          3    None
d - Dazzling Orbs         Conj/Hex       ######.      1%          3    None
e - Tukima's Dance        Hex            ######..     1%          3    None
f - Iron Shot             Conj/Erth      #####.....   30%         6    ####...

Your spell library contained the following spells:

 Spells                   Type           Power        Failure   Level  Hunger
 Corona                   Hex            ######.      0%          1    None
 Slow                     Hex            ######..     0%          1    None
 Magic Dart               Conj           ####         1%          1    None
 Sandblast                Erth           #####.       1%          1    None
 Cause Fear               Hex            ######....   1%          4    None
 Conjure Flame            Conj/Fire      ####....     4%          3    None
 Mephitic Cloud           Conj/Pois/Air  ###.....     9%          3    None
 Apportation              Tloc           #.....       12%         1    None
 Infusion                 Chrm           #.......     12%         1    None
 Necrotize                Necr           #.....       12%         1    None
 Summon Butterflies       Summ           #.......     12%         1    None
 Summon Small Mammal      Summ           #...         12%         1    None
 Summon Ice Beast         Ice/Summ       ####....     13%         4    None
 Blink                    Tloc           N/A          17%         2    None
 Call Imp                 Summ           #.....       17%         2    None
 Poisonous Vapours        Pois/Air       #.....       17%         2    None
 Bolt of Cold             Conj/Ice       #####.....   24%         6    ####...
 Call Canine Familiar     Summ           #.......     34%         3    None
 Spider Form              Tmut/Pois      #..          34%         3    None
 Vampiric Draining        Necr           #.........   34%         3    None
 Bolt of Draining         Conj/Necr      ####......   36%         5    ##.....
 Agony                    Necr           #.......     75%         4    None
 Animate Dead             Necr           N/A          75%         4    None
 Poison Arrow             Conj/Pois      ####......   91%         6    ####...
 Dispel Undead            Necr           #.......     97%         5    ##.....
 Summon Lightning Spire   Summ/Air       #.......     97%         5    ##.....


Dungeon Overview and Level Annotations

Branches:
Dungeon (11/12)            Temple (1/1) D:6            Lair (6/6) D:9
  Swamp (0/3) Lair:4        Slime (0/5) Orc             Orc (1/1) D:9
    Elf (0/3) Lair:6
 Shoals: Lair:2-4     Snake: Lair:2-4    Spider: Lair:2-4    Vaults: D:11-12

Altars:
Ashenzari
Cheibriados
Dithmenos
Gozag
Hepliaklqana
Kikubaaqudgha
Lugonu
Makhleb
Nemelex Xobeh
Okawaru
Qazlal
Ru
Sif Muna
Trog
Uskayaw
Vehumet
Wu Jian
Xom
Yredelemnul
Jiyva

Shops:
D:4 (   D:5 %   D:10 *   Orc :[(*}

Annotations:
D:10 3 runed translucent doors, Mehrunes's ghost, journeyman CeAc
Lair:3 1 exclusion Orc 1 runed door


Innate Abilities, Weirdness & Mutations

You heal slowly.
You are immune to poison.
You have sharp fingernails.
You have razor-sharp teeth.
You have supernaturally acute eyesight. (SInv)
You can survive without breathing.


Message History

Casting: Mana Rupture (very dangerous; 30% risk of failure)
Confirm with . or Enter, or press ? or * to list all spells.
Aiming: Ensorcelled Hibernation (safe; 1% risk of failure)
Press: ? - help, Shift-Dir - straight line, f/p - vault guard
Aim: a vault guard, wielding a +3 great mace of holy wrath and wearing a +0 chain mail (chance to defeat MR: 37%)
The vault guard easily resists.
The vault guard hits you with a +3 great mace of holy wrath!!
You convulse!!
Okay, then.
As you read the scroll of teleportation, it crumbles to dust.
You feel strangely unstable.
The vault guard hits you with a +3 great mace of holy wrath!!
You convulse!!
* * * LOW HITPOINT WARNING * * *
The orc warrior shouts!
The orc warrior throws a poisoned tomahawk.
The poisoned tomahawk hits you!
* * * LOW HITPOINT WARNING * * *
The human shoots a stone.
The stone hits you.
You die...

#....#)#∆+.p.+≈#...###..
#....#p#* , #........
#....#p#{ ,, '≈#...)....
#....#p# *{, ≈########.
#....#p#∆ { '≈#.##.###)
#....#.#########.......)
#....#.p................
#....#....o..##..######.
#....#.@.######..#* , ##
#....#...##..##... *, ,
#....#........#..., ,,
#)...#..(.....'....* ,
#(...#.......##...#
#....#..(##..##...#* **
#....#...##..# ,, ,
#....#....# .., , , +,
#....#....# ,**, ** ,***


You could see a vault guard, 4 humans and an orc warrior.

Vanquished Creatures
  Rupert (Orc)
  An orc warlord (Orc)
  6 hydras
  Urug (Orc)
  A vault guard (D:11)
  An anaconda (Lair:6)
  3 two-headed ogres
  A death knight (D:7)
  9 death yaks
  2 orc high priests (Orc)
  A skeletal warrior (D:10)
  3 centaur warriors
  An unseen horror (D:10)
  A cyclops (D:11)
  3 orc knights (Orc)
  2 oklob plants (Lair:6)
  3 deep elf magi
  3 ugly things
  2 orc sorcerers (Orc)
  A manticore (D:11)
  22 elephants
  14 cane toads
  4 black mambas
  2 rime drakes (Lair:6)
  10 komodo dragons
  A komodo dragon (shapeshifter) (D:10)
  A kobold demonologist (D:10)
  2 eyes of draining (D:5)
  A merfolk (D:9)
  5 polar bears
  3 harpy skeletons
  4 trolls
  A slime creature (D:10)
  3 hornets (Lair:6)
  A meliai zombie (D:10)
  2 dream sheep (Lair:6)
  13 hippogriffs
  11 spriggans (Lair:6)
  2 wraiths (D:10)
  A shadow (D:11)
  2 basilisks
  A golden eye (shapeshifter) (D:10)
  5 wyverns
  33 yaks
  5 hungry ghosts
  A vampire mosquito (D:10)
  4 wargs
  8 crocodiles
  7 water moccasins
  An acid dragon (D:11)
  8 porcupines
  2 black bears (Lair:6)
  2 ice beasts
  A hornet zombie (D:10)
  26 orc warriors
  A phantom (D:6)
  7 ogres
  22 wolves
  4 boggarts (Lair:6)
  10 bullfrogs
  4 gnoll sergeants (D:9)
  6 kobold brigands
  2 centaurs
  2 scorpions
  8 killer bees (D:7)
  11 wights
  6 howler monkeys
  An electric eel (D:6)
  9 orc priests
  5 crimson imps
  A quasit (D:5)
  2 bullfrog zombies
  5 hounds
  18 orc wizards
  2 bullfrog skeletons
  2 jellies
  Crazy Yiuf (D:3)
  Jessica (D:2)
  4 iguanas
  Ijyb (D:4)
  2 hell rats (Lair:4)
  14 worker ants
  2 hound skeletons
  2 worker ant zombies
  2 gnolls (D:9)
  A howler monkey skeleton (D:6)
  7 adders
  11 river rats (Lair:4)
  2 shadow imps
  3 adder skeletons
  A dart slug (D:1)
  4 worms
  4 leopard geckos
  51 orcs
  4 bats
  5 goblins
  8 hobgoblins
  12 jackals
  22 kobolds
  2 quokkas
  2 ball pythons
  2 frilled lizards
  A quokka skeleton (D:4)
  A quokka zombie (D:6)
  10 rats
  A butterfly (Lair:6)
  A fungus (D:3)
567 creatures vanquished.

Vanquished Creatures (others)
  An orc priest (Orc)
  11 fungi
  8 plants
20 creatures vanquished.

Grand Total: 587 creatures vanquished

Notes
Turn   | Place    | Note
-------+----------+-------------------------------------------
     0 | D:1      | Mehrunes the Vampire Enchanter began the quest for the Orb.
     0 | D:1      | Reached XP level 1. HP: 13/13 MP: 3/3
   191 | D:1      | Reached skill level 5 in Stealth
   357 | D:1      | Reached XP level 2. HP: 12/20 MP: 5/5
   763 | D:1      | Learned a level 2 spell: Ensorcelled Hibernation
   871 | D:1      | Reached XP level 3. HP: 25/25 MP: 6/6
   897 | D:1      | Reached skill level 1 in Long Blades
  1162 | D:2      | Reached skill level 1 in Fighting
  1418 | D:2      | Noticed Jessica
  1443 | D:2      | Killed Jessica
  1444 | D:2      | Reached skill level 5 in Hexes
  1444 | D:2      | Reached XP level 4. HP: 31/32 MP: 3/7
  1570 | D:2      | Learned a level 3 spell: Confuse
  1790 | D:2      | Found a sacrificial altar of Ru.
  2216 | D:3      | Reached XP level 5. HP: 31/37 MP: 5/8
  2609 | D:3      | Found a glowing drain.
  3070 | D:3      | Found a runed door.
  3074 | D:3      | Noticed Crazy Yiuf
  3078 | D:3      | Killed Crazy Yiuf
  3079 | D:3      | Reached skill level 6 in Stealth
  3189 | D:4      | Found a radiant altar of Vehumet.
  3222 | D:4      | Found Mirij's Weapon Emporium.
  3302 | D:4      | Found a corrupted altar of Lugonu.
  3310 | D:4      | Noticed Ijyb
  3319 | D:4      | Killed Ijyb
  3424 | D:4      | Reached XP level 6. HP: 44/44 MP: 10/10
  3465 | D:4      | Found a stormy altar of Qazlal.
  3592 | D:4      | Learned a level 3 spell: Dazzling Orbs
  3700 | D:4      | Found an ornate altar of the Wu Jian Council.
  3771 | D:5      | Entered Level 5 of the Dungeon
  3783 | D:5      | Found a bloodstained altar of Trog.
  3858 | D:5      | Reached XP level 7. HP: 49/51 MP: 3/11
  3894 | D:5      | Reached skill level 5 in Long Blades
  3894 | D:5      | Reached skill level 7 in Stealth
  4011 | D:5      | Found Acroipsi's Food Shop.
  4266 | D:5      | Found a basalt altar of Yredelemnul.
  4357 | D:5      | Found a bloodstained altar of Trog.
  4357 | D:5      | Noticed an eye of draining
  4357 | D:5      | Noticed an eye of draining
  4358 | D:5      | Killed an eye of draining
  4359 | D:5      | Reached XP level 8. HP: 58/58 MP: 9/13
  4369 | D:5      | Killed an eye of draining
  4370 | D:5      | Reached skill level 8 in Stealth
  4582 | D:5      | Found a shimmering blue altar of Sif Muna.
  4595 | D:5      | Found a hazy altar of Hepliaklqana.
  4659 | D:5      | Learned a level 3 spell: Tukima's Dance
  5253 | D:6      | Got a jewelled buckler
  5273 | D:6      | Reached skill level 1 in Conjurations
  5663 | D:6      | Found a staircase to the Ecumenical Temple.
  5789 | Temple   | Entered the Ecumenical Temple
  5988 | Temple   | Became a worshipper of Ashenzari the Shackled
  5989 | Temple   | Found the cursed amulet of Vision {SInv *Curse}
  6010 | Temple   | Identified the +0 buckler "Hupsurgh" {rPois Dex+4 Stlth+}
                  | (You found it on level 6 of the Dungeon)
  6273 | D:7      | Found a hide-covered altar of Uskayaw.
  6378 | D:6      | Reached XP level 9. HP: 65/65 MP: 15/15
  6451 | D:6      | Reached skill level 9 in Stealth
  6650 | D:7      | Noticed a troll
  6656 | D:7      | Killed a troll
  6678 | D:7      | Reached skill level 1 in Shields
  6692 | D:7      | Reached skill level 5 in Spellcasting
  7159 | D:8      | Found an opulent altar of Gozag.
  7175 | D:8      | Reached skill level 10 in Stealth
  7184 | D:8      | Reached XP level 10. HP: 73/73 MP: 18/18
  7192 | D:8      | Reached skill level 5 in Fighting
  7235 | D:8      | Noticed a death knight
  7237 | D:8      | Reached * piety under Ashenzari
  7594 | D:7      | Found a hide-covered altar of Uskayaw.
  7629 | D:7      | Killed a death knight
  7912 | D:8      | Reached skill level 10 in Long Blades
  8071 | D:9      | Noticed a brown ugly thing
  8073 | D:9      | Killed a brown ugly thing
  8196 | D:9      | Reached skill level 10 in Hexes
  8202 | D:9      | Reached skill level 11 in Stealth
  8367 | D:9      | Found a staircase to the Lair.
  8776 | D:9      | Noticed a two-headed ogre
  8784 | D:9      | Killed a two-headed ogre
  8785 | D:9      | Reached XP level 11. HP: 82/82 MP: 19/19
  8967 | D:9      | Reached skill level 12 in Stealth
  9165 | D:9      | Reached skill level 1 in Ice Magic
  9204 | D:9      | Found a staircase to the Orcish Mines.
  9457 | D:9      | Noticed a deep elf mage
  9464 | D:9      | Killed a deep elf mage
  9584 | D:10     | Entered Level 10 of the Dungeon
  9584 | D:10     | Reached ** piety under Ashenzari
  9854 | D:10     | Noticed a purple ugly thing
  9861 | D:10     | Killed a purple ugly thing
 10176 | D:10     | Noticed a cyan ugly thing
 10187 | D:10     | Killed a cyan ugly thing
 10297 | D:10     | Found a runed translucent gate.
 10298 | D:10     | Found a runed translucent gate.
 10299 | D:10     | Found a runed translucent gate.
 10302 | D:10     | Found an opulent altar of Gozag.
 10303 | D:10     | Noticed a cyclops
 10303 | D:10     | Noticed a death knight
 10304 | D:10     | Found Maul's Assorted Antiques.
 10304 | D:10     | Noticed Mehrunes's ghost (journeyman CeAc)
 10428 | D:10     | Noticed a two-headed ogre
 10493 | D:11     | Noticed a centaur warrior
 10498 | D:11     | Killed a centaur warrior
 10539 | Lair:1   | Entered Level 1 of the Lair of Beasts
 10627 | Lair:1   | Reached *** piety under Ashenzari
 11200 | Lair:2   | Reached XP level 12. HP: 91/91 MP: 20/20
 11230 | Lair:2   | Reached **** piety under Ashenzari
 11312 | Lair:2   | Noticed a five-headed hydra
 11316 | Lair:2   | Killed a five-headed hydra
 11580 | Lair:2   | Got the war axe "Tuteunle" {vamp, rPois Int+2}
 12246 | Lair:3   | Noticed a four-headed hydra
 12250 | Lair:3   | Killed a four-headed hydra
 12513 | Lair:3   | Reached ***** piety under Ashenzari
 12686 | Lair:3   | Reached skill level 5 in Ice Magic
 13248 | Lair:4   | Noticed a death yak
 13249 | Lair:4   | Noticed a death yak
 13249 | Lair:4   | Noticed a death yak
 13250 | Lair:4   | Noticed a death yak
 13343 | Lair:4   | Found a staircase to the Swamp.
 13508 | Lair:4   | Noticed a four-headed hydra
 13512 | Lair:4   | Killed a four-headed hydra
 13626 | Lair:3   | Killed a death yak
 13627 | Lair:3   | Reached skill level 13 in Stealth
 13823 | Lair:4   | Killed a death yak
 13828 | Lair:4   | Killed a death yak
 13832 | Lair:4   | Reached XP level 13. HP: 99/99 MP: 23/23
 14155 | Lair:4   | Reached skill level 5 in Dodging
 14782 | Lair:5   | Found a dark tunnel.
 15042 | Lair:6   | Entered Level 6 of the Lair of Beasts
 15077 | Lair:6   | Learned a level 6 spell: Iron Shot
 15116 | Lair:6   | Reached skill level 1 in Earth Magic
 15144 | Lair:6   | Reached skill level 14 in Stealth
 15149 | Lair:6   | Reached skill level 5 in Shields
 15513 | Lair:6   | Found a staircase to the Elven Halls.
 15593 | Lair:6   | Reached XP level 14. HP: 108/108 MP: 26/26
 15863 | Lair:6   | Learned a level 6 spell: Poison Arrow
 16370 | Lair:6   | Got the glaive "Qunkouh" {flame, rC+ MR- Str+4}
 17078 | Orc      | Entered the Orcish Mines
 17080 | Orc      | Noticed an orc warlord
 17456 | Orc      | Killed an orc warlord
 17599 | Orc      | Noticed Rupert
 17614 | Orc      | Killed Rupert
 17626 | Orc      | Reached skill level 15 in Stealth
 17786 | Orc      | Noticed Urug
 17811 | Orc      | Killed Urug
 17849 | Orc      | Found a roughly hewn altar of Beogh.
 17860 | Orc      | Reached skill level 10 in Fighting
 17959 | Orc      | Found Siam's Antique Armour Shoppe.
 17968 | Orc      | Found Taexuuj's Book Shoppe.
 18007 | Orc      | Bought the Catalogue of Enthralling Poison for 690 gold
                  | pieces
 18017 | Orc      | Learned a level 7 spell: Mana Rupture
 18149 | Orc      | Reached ****** piety under Ashenzari
 18158 | Orc      | Found a runed door.
 18158 | Orc      | Found a viscous altar of Jiyva.
 18158 | Orc      | Found a staircase to the Slime Pits.
 18158 | Orc      | Noticed an azure jelly
 18158 | Orc      | Noticed an azure jelly
 18158 | Orc      | Noticed an azure jelly
 18193 | Orc      | Found Paphost's Antique Weapon Shoppe.
 18222 | Orc      | Found Wirer's General Store.
 18464 | Orc      | Found Avotufid's Gadget Boutique.
 18824 | D:10     | Reached skill level 5 in Conjurations
 18824 | D:10     | Found a burning altar of Makhleb.
 19006 | D:10     | Identified the ring "Qahuakon" {*Drain +Fly Int+4}
 19330 | D:11     | Reached skill level 5 in Earth Magic
 19493 | D:11     | Reached XP level 15. HP: 100/115 MP: 27/27
 19593 | D:11     | Identified the +8 mace of Fixation {flame, rN+}
 19597 | D:11     | Shot with a stone by a human

Skill      XL: |  1  2  3  4  5  6  7  8  9 10 11 12 13 14 |
---------------+-------------------------------------------+-----
Stealth        | 5 6 7 8 10 11 12 13 14 15 | 15.5
Long Blades    | 1 2 3 4 6 7 9 11 13 | 13.0
Fighting       | 1 2 3 4 6 7 8 9 10 | 10.2
Hexes          | 5 6 7 8 9 10 11 13 14 | 14.3
Spellcasting   | 3 4 5 7 8 |  8.4
Conjurations   | 1 2 5 |  5.4
Shields        | 2 3 5 |  5.5
Ice Magic      | 3 5 6 |  6.2
Dodging        | 4 6 8 |  8.2
Earth Magic    | 2 5 |  5.1
Short Blades   | |  1.6

Action                   |  1- 3 |  4- 6 |  7- 9 | 10-12 | 13-15 || total
-------------------------+-------+-------+-------+-------+-------++-------
Melee: Dagger            |    68 |    96 |   155 |   281 |   359 ||   959
       Bite              |    14 |    13 |    13 |    21 |    36 ||    97
       Falchion          |    41 |    16 |       |       |       ||    57
 Cast: Slow              |    16 |       |     4 |       |       ||    20
       Ensorcelled Hiber |     5 |    25 |    67 |   160 |   298 ||   555
       Confuse           |       |     4 |    11 |    32 |    52 ||    99
       Dazzling Orbs     |       |       |    12 |    28 |    32 ||    72
       Tukima's Dance    |       |       |       |     1 |       ||     1
       Mana Rupture      |       |       |       |       |     3 ||     3
Invok: Curse Item        |       |       |     7 |       |       ||     7
 Abil: End Transformatio |     1 |       |       |       |       ||     1
       Bat Form          |     1 |       |       |       |       ||     1
Evoke: Wand              |       |       |     3 |    11 |     2 ||    16
  Use: Potion            |     9 |       |    13 |       |    14 ||    36
       Scroll            |       |       |     9 |     9 |    10 ||    28
 Stab: Sleeping          |    13 |    31 |    49 |   123 |   187 ||   403
       Invisible         |     2 |       |     1 |    14 |    24 ||    41
       Confused          |       |     2 |     6 |    15 |    22 ||    45
       Distracted        |       |       |     1 |     1 |       ||     2
Armor: Robe              |    19 |    29 |    40 |    21 |    24 ||   133
Dodge: Dodged            |    91 |    55 |   105 |   156 |   314 ||   721
Block: Buckler           |       |       |    13 |    76 |   140 ||   229
